 Dungeon Crawl Stone Soup version 0.26-a0-812-g31a745ddcd (webtiles) character file.

Game seed: 16294002166549411825

56 Lanoc the Chiller (level 3, -3/24 HPs)
             Began as a Merfolk Ice Elementalist on Nov 26, 2020.
             Was a Follower of the Shining One.
             Slain by Grinder (7 damage)
             ... while paralysed by Grinder
             ... on level 3 of the Dungeon.
             The game lasted 00:01:56 (1415 turns).

Lanoc the Chiller (Merfolk Ice Elementalist)        Turns: 1415, Time: 00:01:57

Health: -3/24      AC:  2    Str:  8    XL:     3   Next: 95%
Magic:  3/6        EV:  2    Int: 15    God:    the Shining One [*.....]
Gold:   58         SH:  0    Dex: 14    Spells: 2/6 levels left

rFire    . . .     SeeInvis .   d - +0 spear
rCold    . . .     Faith    .   (no shield)
rNeg     . . .     Spirit   .   a - +0 robe
rPois    .         Reflect  .   (no helmet)
rElec    .         Harm     .   (no cloak)
rCorr    .         Rampage  .   (no gloves)
MR       .....                  (no boots)
Stlth    +.........             (no amulet)
HPRegen  0.08/turn              (no ring)
MPRegen  0.10/turn              (no ring)

@: paralysed, frozen ramparts, glowing
A: change form in water, swift swim, stealthy swim
a: Renounce Religion


You were on level 3 of the Dungeon.
You worshipped the Shining One.
The Shining One was aware of your devotion.
You visited 1 branch of the dungeon, and saw 3 of its levels.

You collected 58 gold pieces.

Inventory:

Hand Weapons
 d - a +0 spear (weapon)
Armour
 a - a +0 robe (worn)
Scrolls
 b - 2 scrolls of identify {unknown}
 c - 2 scrolls of teleportation {unknown}
 e - 2 scrolls of immolation {unknown}
 f - a scroll of fear {unknown}
 j - a scroll of blinking {unknown}
Potions
 g - 2 potions of flight {unknown}
 h - a potion of curing {unknown}
 i - a potion of lignification {unknown}
 k - a potion of brilliance {unknown}


   Skills:
 * Level 2.6 Polearms
 + Level 3.5 Dodging
 - Level 2.1 Stealth
 - Level 2.0 Spellcasting
 * Level 5.1 Ice Magic


You had 2 spell levels left.
You knew the following spells:

 Your Spells              Type           Power        Failure   Level
a - Freeze                Ice            ###.         2%          1
b - Frozen Ramparts       Ice            ###...       8%          3

Your spell library contained the following spells:

 Spells                   Type           Power        Failure   Level
 Ozocubu's Armour         Ice            ###.....     8%          3
 Hailstorm                Conj/Ice       #.......     58%         4
 Summon Ice Beast         Ice/Summ       #.......     58%         4


Dungeon Overview and Level Annotations

Branches:
Dungeon (3/15)

Altars:
Uskayaw
The Shining One

Annotations:
D:3 Grinder


Message History

The walls around you are covered in ice.
Grinder completely resists.
The wall freezes Grinder but do no damage.
Grinder blinks!
Grinder resists.
The wall freezes Grinder.
Grinder resists.
The wall freezes Grinder.
Grinder hits you!
You writhe in agony.
You hit Grinder.
Grinder is lightly wounded.
Grinder resists.
The wall freezes Grinder.
Grinder gestures at you.
You suddenly lose the ability to move!
Grinder completely resists.
The wall freezes Grinder but do no damage.
Grinder hits you.
You writhe in agony.
* * * LOW HITPOINT WARNING * * *
Grinder completely resists.
The wall freezes Grinder but do no damage.
Grinder hits you!
You die...

#######.#######.#
#.......>.....##.#
#.######.####.#...
#.# #...###.....
#.# #....##.....
#.# #....###....
#.# #.##.# ##...
#5# #.##.#####.#
#@# #.##.##....#
#####.#
#.##.##....#
##...#.#
#.##.##....#
#......#
#.##........
#.....##
#.##........
#.....#
#.##<.......
##...## #.#
###....# ##.## #.#
#...## #.# #.#
#...#


You could see Grinder.

Vanquished Creatures
  An adder (D:3)
  A gnoll (D:1)
  3 dart slugs
  A leopard gecko (D:3)
  An orc (D:3)
  2 giant cockroaches (D:3)
  3 hobgoblins
  4 bats
  2 frilled lizards
  7 goblins
  6 rats
31 creatures vanquished.

Notes
Turn   | Place    | Note
-------+----------+-------------------------------------------
     0 | D:1      | Lanoc the Merfolk Ice Elementalist began the quest for the
                  | Orb.
     0 | D:1      | Reached XP level 1. HP: 13/13 MP: 3/3
   190 | D:1      | Reached XP level 2. HP: 16/19 MP: 3/5
   245 | D:1      | Reached skill level 1 in Polearms
   483 | D:1      | Reached XP level 3. HP: 24/24 MP: 4/6
   879 | D:3      | Reached skill level 5 in Ice Magic
  1066 | D:3      | Found a faded altar of an unknown god.
  1078 | D:3      | Became a worshipper of the Shining One
  1078 | D:3      | Reached * piety under the Shining One
  1127 | D:3      | Noticed a +0 hand axe
  1127 | D:3      | Noticed a +0 hand axe
  1132 | D:3      | Found a hide-covered altar of Uskayaw.
  1218 | D:3      | Learned a level 3 spell: Frozen Ramparts
  1406 | D:3      | Noticed Grinder
  1413 | D:3      | Paralysed by Grinder for 6 turns
  1415 | D:3      | Slain by Grinder

Illustrated notes

Levels and vault maps discovered:
D:1:      zelgadis_glass_arrival_large, layout_basic
D:2:      layout_basic, gammafunk_temple_overflow_elements,
          serial_park_tiny_pond, uniq_robin, uniq_jessica
D:3:      layout_loops_ring, dancing_weapons_uskayaw,
          chequers_ecumenical_altar_simple_redux, trog_book, uniq_grinder

Skill      XL: |  1  2  3 |
---------------+----------+-----
Dodging        | 3 |  3.5
Polearms       | 1 2 |  2.6
Ice Magic      | 5 |  5.1
Stealth        | |  2.1
Spellcasting   | |  2.0

Action                   || total
-------------------------++-------
Melee: Spear             ||    35
       Unarmed           ||     2
 Cast: Freeze            ||    38
       Frozen Ramparts   ||     1
 Stab: Distracted        ||     2
       Sleeping          ||     3
Armor: Robe              ||     8
Dodge: Dodged            ||    21

Table legend: (Time is in decaauts)
 A = Elapsed time spent in this place.
 B = Non-inter-level travel time spent in this place.
 C = Inter-level travel time spent in this place.
 D = Time resting spent in this place.
 E = Time spent auto-exploring this place.
 F = Levels seen in this place.
 G = Mean time per level.
                   A        B        C        D        E       F      G
               +--------+--------+--------+--------+--------+-----+--------+
         Total |   1414 |   1406 |      8 |      0 |   1212 |   3 |  471.3 |
       Dungeon |   1414 |   1406 |      8 |      0 |   1212 |   3 |  471.3 |
               +--------+--------+--------+--------+--------+-----+--------+

Top non-repeatable levels by time:
     D:1: 638 daAuts
     D:3: 591 daAuts
     D:2: 184 daAuts
